 Dungeon Crawl Stone Soup version 0.31-a0-859-g9dce7d3444 (webtiles) character file.

Game seed: 2988804353289527906

115 Newt the Trooper (level 5, -1/44 HPs)
             Began as a Merfolk Gladiator on Oct 9, 2023.
             Slain by a rat (3 damage)
             ... summoned by Eustachio
             ... on level 4 of the Dungeon.
             The game lasted 00:02:15 (2017 turns).

Newt the Trooper (Merfolk Gladiator)                Turns: 2017, Time: 00:02:16

Health: -1/44      AC:  4    Str: 16    XL:     5   Next: 0%
Magic:  5/5        EV: 12    Int:  8    God:
Gold:   65         SH:  4    Dex: 15    Spells: 4/4 levels left

rFire   . . .        a - +1 trident
rCold   . . .        p - +0 buckler
rNeg    . . .        b - +0 leather armour
rPois   .            c - +0 helmet
rElec   .            (no cloak)
rCorr   .            (no gloves)
SInv    .            (no boots)
Will    .....        (no amulet)
Stlth   +            (no ring)
HPRegen 0.27/turn    (no ring)
MPRegen 0.09/turn

%: no passive effects
@: no status effects
A: (nimble swimmer 2), mertail
a: no special abilities


You were on level 4 of the Dungeon.
You visited 1 branch of the dungeon, and saw 4 of its levels.

You collected 92 gold pieces.
You spent 27 gold pieces at shops.

Inventory:

Hand Weapons
 a - a +1 trident (weapon)
Missiles
 d - a throwing net (quivered)
 e - a javelin
Armour
 b - a +0 leather armour (worn)
 c - a +0 helmet (worn)
 p - a +0 buckler (worn)
Wands
 g - a wand of roots (10)
Potions
 f - a potion of lignification {unknown}
 h - 2 potions of curing
 j - a potion of attraction
 k - a potion of heal wounds {unknown}
 l - a potion of magic {unknown}


   Skills:
 - Level 5.0 Fighting
 + Level 4.8 Polearms
 - Level 2.0 Throwing
 - Level 4.0 Dodging


You had 4 spell levels left.
You didn't know any spells.
Your spell library was empty.

Dungeon Overview and Level Annotations

Branches:
Dungeon (4/15)
 Temple: D:4-7

Altars:
Dithmenos
Hepliaklqana

Shops:
D:2 (   D:3 *

Annotations:
D:4 Eustachio


Innate Abilities, Weirdness & Mutations

((You are very nimble when in or above water. (Stealth+, EV+, Speed+++)))
Your lower body shifts to a powerful aquatic tail in water.


Message History

The ufetubus is in the way.
You closely miss the ufetubus. The ufetubus hits you.
* * * LOW HITPOINT WARNING * * *
The ufetubus hits you.
* * * LOW HITPOINT WARNING * * *
The rat twitches its whiskers.
The ufetubus hits you but does no damage.
The ufetubus misses you.
Unknown command.
Reach: a) +1 trident
Press: ? - help, Dir - move target, f/p - Eustachio
Aim: Eustachio, wielding a +0 falchion and wearing a +0 leather armour (almost dead, about 47% to evade your +1 trident)
The ufetubus is in the way.
You barely miss the ufetubus.
Eustachio gestures wildly while chanting.
Eustachio blinks!
The ufetubus closely misses you. The ufetubus completely misses you.
Unknown command.
The ufetubus barely misses you. The ufetubus hits you.
* * * LOW HITPOINT WARNING * * *
There is a stone staircase leading up, spattered with blood here.
Eustachio gestures wildly while chanting.
The ufetubus closely misses you.
The ufetubus hits you but does no damage.
You climb upwards.
There is a stone staircase leading down here.
Unknown command.
You puncture the ufetubus!
You kill the ufetubus!
You have reached level 5!
You feel clever.
You climb downwards.
You hear the hiss of flowing sand.
There is an entrance to an ossuary on this level.
Hurry and find it before the portal is buried!
Level annotation: Eustachio You hear the slow hiss of an avalanche of sand.
The bat hits you but does no damage. The rat bites you.
* * * LOW HITPOINT WARNING * * *
Eustachio mumbles some strange words.
Eustachio blinks!
The rat bites you.
You die...

#######
......#
.......
.......
......#
##r......
#@# #b# #ยง#
#>.........#
#.#####r##.#
#.# .. ..$
... #.# ..
... .


You could see a bat (summoned) and 2 rats.

Vanquished Creatures
  An orc wizard (D:3)
  3 adders
  An ufetubus (D:3)
  A dart slug (D:1)
  3 orcs (D:3)
  3 ball pythons
  2 endoplasms
  5 goblins
  5 hobgoblins
  5 jackals
  6 kobolds
  2 quokkas (D:2)
  5 bats
  3 frilled lizards (D:1)
  6 rats
51 creatures vanquished.

Notes
Turn   | Place    | Note
-------+----------+-------------------------------------------
     0 | D:1      | Newt the Merfolk Gladiator began the quest for the Orb.
     0 | D:1      | Reached XP level 1. HP: 16/16 MP: 1/1
   112 | D:1      | Reached skill level 3 in Fighting
   112 | D:1      | Reached XP level 2. HP: 24/24 MP: 2/2
   434 | D:1      | Reached XP level 3. HP: 30/30 MP: 3/3
   699 | D:2      | Reached skill level 4 in Fighting
  1144 | D:2      | Found Edwair's Antique Weapon Shoppe.
  1377 | D:3      | Found Fuddeo's Assorted Antiques.
  1381 | D:3      | Bought a scroll labelled ZAOMUFU FESTRA for 27 gold pieces
  1463 | D:3      | Found a hazy altar of Hepliaklqana.
  1508 | D:3      | Reached skill level 5 in Fighting
  1508 | D:3      | Reached XP level 4. HP: 24/39 MP: 4/4
  1753 | D:3      | Found a shadowy altar of Dithmenos.
  1974 | D:4      | Noticed Eustachio
  2016 | D:3      | Reached XP level 5. HP: 5/44 MP: 5/5
  2017 | D:4      | HP: 2/44 [rat[Eustachio] (3)]
  2017 | D:4      | Slain by a rat

Illustrated notes

Levels and vault maps discovered:
D:1:      scummos_arrival_simple_fountains, layout_loops_ring
D:2:      layout_basic, serial_shops, nicolae_shop_back_alley_shop
D:3:      layout_rooms, nicolae_dithmenos_through_a_glass_darkly,
          general_overflow_altar, serial_shops, shop
D:4:      layout_basic, minmay_temple_entry_proselytizer, enter_ossuary_2,
          uniq_eustachio, uniq_ijyb

Skill      XL: |  1  2  3 |
---------------+----------+-----
Fighting       | 3 5 |  5.0
Polearms       | |  4.8
Throwing       | |  2.0
Dodging        | |  4.0

Action                     |  1- 3 |  4- 6 || total
---------------------------+-------+-------++-------
  Melee: Trident           |   143 |    59 ||   202
         Punch             |     1 |       ||     1
  Throw: Throwing net      |       |     2 ||     2
    Use: Scroll            |     7 |       ||     7
   Stab: Sleeping          |     3 |       ||     3
         Distracted        |     1 |       ||     1
         Held in net/web   |       |     1 ||     1
 Armour: Leather armour    |    59 |    33 ||    92
  Dodge: Dodged            |    70 |    22 ||    92
  Block: Buckler           |     4 |    12 ||    16

Table legend: (Time is in decaauts)
 A = Elapsed time spent in this place.
 B = Non-inter-level travel time spent in this place.
 C = Inter-level travel time spent in this place.
 D = Time resting spent in this place.
 E = Time spent auto-exploring this place.
 F = Levels seen in this place.
 G = Mean time per level.
                   A        B        C        D        E       F      G
               +--------+--------+--------+--------+--------+-----+--------+
         Total |   2039 |   1935 |    104 |    171 |   1380 |   4 |  509.8 |
       Dungeon |   2039 |   1935 |    104 |    171 |   1380 |   4 |  509.8 |
               +--------+--------+--------+--------+--------+-----+--------+

Top non-repeatable levels by time:
     D:1: 695 daAuts
     D:2: 692 daAuts
     D:3: 605 daAuts
     D:4: 45 daAuts
